 Dungeon Crawl Stone Soup version 0.28.0-53-g5a82cb258f (webtiles) character file.

Game seed: 7352948696444753118

410 Kranky the Skirmisher (level 6, 0/44 HPs)
             Began as an Octopode Fighter on June 19, 2022.
             Slain by an ogre
             ... wielding a +0 giant spiked club
              (24 damage)
             ... on level 4 of the Dungeon.
             The game lasted 00:06:29 (4642 turns).

Kranky the Skirmisher (Octopode Fighter)            Turns: 4642, Time: 00:06:29

Health: 0/44       AC:  1    Str: 16    XL:     6   Next: 89%
Magic:  6/6        EV: 14    Int: 10    God:
Gold:   135        SH:  5    Dex: 13    Spells: 5/5 levels left

rFire   . . .      SeeInvis .   a - +0 long sword
rCold   . . .      Faith    .   b - +0 buckler
rNeg    . . .      Spirit   .   (helmet restricted)
rPois   .          Reflect  .   (no amulet)
rElec   .          Harm     .   (no ring)
rCorr   .          Rampage  .   (no ring)
Will    .....                   (no ring)
Stlth   +++.......              (no ring)
HPRegen 0.14/turn               (no ring)
MPRegen 0.10/turn               (no ring)
                                (no ring)
                                (no ring)

@: no status effects
A: almost no armour, amphibious, 8 rings, camouflage 1, gelatinous body 1,
(nimble swimmer 1), tentacles
a: no special abilities


You were on level 4 of the Dungeon.
You visited 1 branch of the dungeon, and saw 4 of its levels.

You collected 135 gold pieces.

Inventory:

Hand Weapons
 a - a +0 long sword (weapon)
Missiles
 f - 5 curare-tipped darts (quivered)
Armour
 b - a +0 buckler (worn)
Wands
 m - a wand of iceblast (11)
Scrolls
 d - 3 scrolls of vulnerability {unknown}
 e - a scroll of noise {unknown}
 g - 2 scrolls of teleportation {unknown}
 i - 2 scrolls of immolation {unknown}
 k - 4 scrolls of identify {unknown}
 l - a scroll of silence {unknown}
 n - a scroll of summoning {unknown}
Potions
 c - 2 potions of might
 h - 2 potions of flight {unknown}
 j - a potion of curing


   Skills:
 + Level 4.7 Fighting
 - Level 2.0 Long Blades
 - Level 0.1(0.2) Axes
 - Level 0.3(0.5) Polearms
 - Level 0.4(0.6) Staves
 - Level 0.2 Bows
 - Level 0.1 Crossbows
 - Level 0.2 Throwing
 + Level 4.2 Dodging
 - Level 3.0 Stealth
 + Level 4.1 Shields
 - Level 0.1 Conjurations
 - Level 0.2 Hexes
 - Level 0.2 Summonings
 - Level 0.2 Necromancy
 - Level 0.5 Translocations
 - Level 0.2 Transmutations
 - Level 0.1 Fire Magic
 - Level 0.6 Ice Magic
 - Level 0.1 Air Magic
 - Level 0.3 Earth Magic
 - Level 0.1 Poison Magic
 - Level 0.6 Invocations
 - Level 0.7 Evocations


You had 5 spell levels left.
You didn't know any spells.
Your spell library contained the following spells:

 Spells                   Type           Power      Damage    Failure   Level
 Magic Dart               Conj           0%         1d3       43%         1
 Call Imp                 Summ           0%         N/A       54%         2
 Mephitic Cloud           Conj/Pois/Air  0%         N/A       80%         3


Dungeon Overview and Level Annotations

Branches:
Dungeon (4/15)
 Temple: D:4-7

Altars:

Shops:
D:1 *

Annotations:
D:3 2 runed translucent doors, DocClef's ghost, amateur DrFi


Innate Abilities, Weirdness & Mutations

You cannot wear most types of armour.
You are amphibious.
You can wear up to eight rings at the same time.
Your skin changes colour to match your surroundings (Stealth+).
Your rubbery body absorbs attacks. (AC +1, EV +1)
((You are camouflaged when in or above water. (Stealth+)))
You have tentacles for arms and can constrict up to eight enemies at once.


Message History

n - a scroll labelled TERIOT ROITUO You open the door.
A kobold comes into view. It is wielding a +0 dagger.
A kobold is nearby!
An ufetubus comes into view.
The ufetubus shouts!
The kobold shouts!
There is an open door here.
You barely miss the ufetubus. Your grab misses the ufetubus.
You block the ufetubus's attack. The ufetubus hits you.
The kobold hits you with a +0 dagger. The ufetubus completely misses you.
The ufetubus hits you. The kobold hits you with a +0 dagger.
You barely miss the ufetubus. You grab the ufetubus.
You squeeze the ufetubus, but do no damage.
You constrict the ufetubus. The ufetubus completely misses you.
The ufetubus misses you.
An ogre comes into view. It is wielding a +0 giant spiked club.
The ufetubus completely misses you. The ufetubus misses you.
You block the kobold's attack.
You release your grip on the ufetubus.
The ufetubus hits you. The ufetubus closely misses you. x3
The ogre shouts!
There is an open door here.
The ufetubus closely misses you. The ufetubus completely misses you.
You block the ufetubus's attack. The ufetubus hits you.
You hit the ufetubus but do no damage. You grab the ufetubus.
You squeeze the ufetubus.
The ufetubus is almost dead.
You constrict the ufetubus.
You kill the ufetubus!
You miss the kobold. Your grab misses the kobold.
Your squeeze misses the kobold. You block the kobold's attack.
The kobold misses you.
You hit the kobold. You grab the kobold. You squeeze the kobold.
You kill the kobold!
The ogre closely misses you.
You slash the ogre!
The ogre is moderately wounded.
The ogre hits you with a +0 giant spiked club!!
Ouch! That really hurt!
You die...

#......#.......#
+##......#.......# ###
........O#.......# ...#
.........#.......# ...#
.........#.......# ...
.........#.......# .#
.........#.......#
.########......O.......#
........#......#@......#
........#......#.......#
........#......#.......#
.##.....#......#.......#
.##...>.#......#.......#
.##.....#......#.......#
.##.....#......#.......#
........#......##'######
........#......#.......#


You could see an ogre.

Vanquished Creatures
  A necrophage (D:4)
  A jelly (D:4)
  An iguana (D:4)
  Terence (D:3)
  A howler monkey skeleton (D:4)
  8 adders
  7 gnolls
  An ufetubus (D:4)
  2 worms
  3 dart slugs
  2 orcs
  4 ball pythons
  5 endoplasms
  3 giant cockroaches
  4 goblins
  11 hobgoblins
  7 jackals (D:2)
  7 kobolds
  3 quokkas
  3 bats
  A frilled lizard (D:1)
  4 rats
80 creatures vanquished.

Notes
Turn   | Place    | Note
-------+----------+-------------------------------------------
     0 | D:1      | Kranky the Octopode Fighter began the quest for the Orb.
     0 | D:1      | Reached XP level 1. HP: 16/16 MP: 1/1
   117 | D:1      | Reached XP level 2. HP: 21/21 MP: 2/2
   137 | D:1      | Reached skill level 1 in Stealth
   673 | D:1      | Reached XP level 3. HP: 26/26 MP: 3/3
   868 | D:1      | Found Affofure's Assorted Antiques.
  1225 | D:2      | Reached XP level 4. HP: 17/31 MP: 4/4
  2239 | D:3      | Reached XP level 5. HP: 28/36 MP: 5/5
  2472 | D:3      | Found a large runed translucent door.
  2472 | D:3      | Found a large runed translucent door.
  2473 | D:3      | Noticed DocClef's ghost (amateur DrFi)
  2570 | D:3      | Noticed Terence
  2576 | D:3      | Killed Terence
  3627 | D:3      | Reached XP level 6. HP: 40/43 MP: 6/6
  4122 | D:4      | Noticed a necrophage
  4134 | D:4      | Killed a necrophage
  4642 | D:4      | Slain by an ogre

Illustrated notes

Levels and vault maps discovered:
D:1:      dpeg_arrival_oval, layout_basic, serial_shops,
          nicolae_shop_window_shopping, st_stairs_10, minmay_misc_feat_doors
D:2:      layout_basic
D:3:      layout_loops_ring, ebering_ghost_disaster_area, uniq_terence
D:4:      layout_gridville, patterned_corridor, uniq_edmund

Skill      XL: |  1  2  3  4  5  6 |
---------------+-------------------+-----
Stealth        | 2 3 |  3.0
Fighting       | 4 |  4.7
Dodging        | 4 |  4.2
Shields        | 4 |  4.1
Long Blades    | |  2.0
Axes           | |  0.1
Polearms       | |  0.3
Staves         | |  0.4
Bows           | |  0.2
Crossbows      | |  0.1
Throwing       | |  0.2
Conjurations   | |  0.1
Hexes          | |  0.2
Summonings     | |  0.2
Necromancy     | |  0.2
Translocations | |  0.5
Transmutations | |  0.2
Fire Magic     | |  0.1
Ice Magic      | |  0.6
Air Magic      | |  0.1
Earth Magic    | |  0.3
Poison Magic   | |  0.1
Invocations    | |  0.6
Evocations     | |  0.7

Action                   |  1- 3 |  4- 6 || total
-------------------------+-------+-------++-------
Melee: Long sword        |    53 |   108 ||   161
       Constrict         |    14 |    30 ||    44
       Tentacles         |     7 |    24 ||    31
       Punch             |     1 |     4 ||     5
  Use: Potion            |     1 |       ||     1
 Stab: Sleeping          |     3 |    12 ||    15
Armor: Skin              |     2 |     7 ||     9
Dodge: Dodged            |    33 |    86 ||   119
Block: Buckler           |    12 |    27 ||    39
